 Dungeon Crawl Stone Soup version 0.24-a0-613-g1ff6aac338 (webtiles) character file.

Game seed: 5431668070881553836, levelgen mode: deterministic

28 Jorund the Chopper (level 3, 27/27 HPs)
             Began as a Demonspawn Gladiator on Sept 12, 2019.
             Quit the game on level 2 of the Dungeon.
             The game lasted 00:02:34 (740 turns).

Jorund the Chopper (Demonspawn Gladiator)            Turns: 740, Time: 00:02:35

Health: 27/27      AC:  5    Str: 15    XL:     3   Next: 0%
Magic:  3/3        EV: 12    Int:  9    God:
Gold:   46         SH:  0    Dex: 14    Spells: 2/2 levels left

rFire    . . .     SeeInvis .   a - +0 war axe
rCold    . . .     Gourm    .   (no shield)
rNeg     . . .     Faith    .   b - +0 leather armour
rPois    .         Spirit   .   c - +0 helmet
rElec    .         Reflect  .   (no cloak)
rCorr    .         Harm     .   (no gloves)
MR       .....                  (no boots)
Stlth    +.........             i - amulet of regeneration
HPRegen  0.49/turn              (no ring)
MPRegen  0.08/turn              (no ring)

@: no status effects
A: rugged brown scales 1, demonic guardian 1
a: no special abilities


You were on level 2 of the Dungeon.
You were not hungry.

You visited 1 branch of the dungeon, and saw 2 of its levels.

You collected 46 gold pieces.

Inventory:

Hand Weapons
 a - a +0 war axe (weapon)
Missiles
 d - 3 throwing nets (quivered)
Armour
 b - a +0 leather armour (worn)
 c - a +0 helmet (worn)
Jewellery
 e - an uncursed ring of ice
 i - an amulet of regeneration (around neck)
Scrolls
 j - 2 scrolls of identify {unknown}
 k - a scroll of remove curse {unknown}
Potions
 g - a potion of curing {unknown}
 h - a potion of mutation {unknown}
Comestibles
 f - a ration


   Skills:
 + Level 2.1 Fighting
 + Level 3.5 Axes
 + Level 1.9 Throwing
 + Level 0.5 Armour
 - Level 2.6 Dodging


You had 2 spell levels left.
You didn't know any spells.
Your spell library was empty.

Dungeon Overview and Level Annotations

Branches:
Dungeon (2/15)

Altars:
Xom
Zin


Innate Abilities, Weirdness & Mutations

You are partially covered in rugged brown scales. (AC +1, +3% HP)
A weak demonic guardian rushes to your aid.


Message History

The angel lectures its feet at length about the eternal Law.
There is a glowing silver altar of Zin here.
The angel lectures its feet at length about preserving your bodily integrity.
The angel lectures the ground at length about rejecting the service of demons.
h - a silvery potion
Found a stone staircase leading down.
You now have 46 gold pieces (gained 4).
A rat comes into view.
A rat is nearby!
A rat is nearby!
The rat barely misses you.
You closely miss the rat. The rat completely misses you.
You slash the rat!
You kill the rat!
You have reached level 3!
Your experience leads to an increase in your attributes!
Increase (S)trength, (I)ntelligence, or (D)exterity?
You feel stronger.
Your demonic ancestry asserts itself...
You feel the presence of a demonic guardian.
Are you sure you want to abandon this character and quit the game? (Confirm with "yes".)

###.##.##
#.......#
#.##.#.###.#
#......###.#####
####....##.....#
###.##.##.....###
#......##.......##
#.#..............#
#@######..#####..#
#.........#...#..#
#..#####._#A..#_.#
#..# #..#.A.#...
#..... #..#####..#
...#.#.#.........#
##..# #.........##
.# ##.....####
#..##.##


There were no monsters in sight!

Vanquished Creatures
  An ooze (D:1)
  A dart slug (D:1)
  2 hobgoblins (D:1)
  5 jackals (D:1)
  2 bats (D:1)
  A frilled lizard (D:1)
  3 goblins (D:1)
  3 kobolds (D:1)
  4 rats
  A bush (D:1)
  2 toadstools (D:1)
25 creatures vanquished.

Vanquished Creatures (others)
  A hobgoblin (D:2)
  2 toadstools (D:1)
3 creatures vanquished.

Grand Total: 28 creatures vanquished

Notes
Turn   | Place    | Note
-------+----------+-------------------------------------------
     0 | D:1      | Jorund the Demonspawn Gladiator began the quest for the
                  | Orb.
     0 | D:1      | Reached XP level 1. HP: 16/16 MP: 1/1
   161 | D:1      | Reached skill level 3 in Axes
   161 | D:1      | Gained mutation: You are partially covered in rugged brown
                  | scales. (AC +1, +3% HP) [demonic ancestry]
   161 | D:1      | Reached XP level 2. HP: 13/22 MP: 2/2
   617 | D:1      | You fall into a shaft and drop 1 floor!
   701 | D:2      | Noticed an angel
   702 | D:2      | Found a shimmering altar of Xom.
   702 | D:2      | Found a glowing silver altar of Zin.
   739 | D:2      | Gained mutation: A weak demonic guardian rushes to your
                  | aid. [demonic ancestry]
   739 | D:2      | Reached XP level 3. HP: 27/27 MP: 3/3
   740 | D:2      | Quit the game

Levels and vault maps discovered:
D:1:      ldierk_water_garden, layout_loops_ring, serial_forest,
          infiniplex_forest_clump_diagonal, infiniplex_forest_end_3,
          infiniplex_forest_end_3, infiniplex_forest_clump_medium,
          infiniplex_forest_clump_curved
D:2:      layout_loops_cross, grunt_temple_overflow_order_and_chaos_1,
          makhleb_grotto_becter

Skill      XL: |  1 |
---------------+----+-----
Axes           | 3 |  3.5
Fighting       | |  2.1
Throwing       | |  1.9
Armour         | |  0.5
Dodging        | |  2.6

Action                   || total
-------------------------++-------
Melee: War axe           ||   111
 Stab: Sleeping          ||     1
Armor: Leather armour    ||    29
Dodge: Dodged            ||    52

Table legend:
 A = Non-vault XP
 B = Vault XP
 C = Vault XP percentage of total XP
 D = Non-vault monster count
 E = Vault monster count
 F = Vault count percentage of total count
                 A         B        C        D         E       F
            +---------+---------+-------+---------+---------+-------
      Total |      41 |       0 |   0.0 |      22 |       0 |   0.0
            +---------+---------+-------+---------+---------+-------
        D:1 |      39 |       0 |   0.0 |      20 |       0 |   0.0
        D:2 |       2 |       0 |   0.0 |       2 |       0 |   0.0
            +---------+---------+-------+---------+---------+-------
